 Dungeon Crawl Stone Soup version 0.21.1-1-g345015f (webtiles) character file.

84 infcreate the Covered (level 4, 0/40 HPs)
             Began as a Minotaur Fighter on Apr 30, 2018.
             Slain by an iguana (10 damage)
             ... on level 2 of the Dungeon.
             The game lasted 00:11:58 (1585 turns).

infcreate the Covered (Minotaur Fighter)            Turns: 1585, Time: 00:11:58

Health: 0/40       AC:  8    Str: 21    XL:     4   Next: 24%
Magic:  3/3        EV:  7    Int:  5    God:
Gold:   78         SH:  9    Dex: 10    Spells: 3/3 levels left

rFire    . . .     SeeInvis .   a - +0 war axe
rCold    . . .     Gourm    .   c - +0 shield
rNeg     . . .     Faith    .   b - +0 scale mail
rPois    .         Spirit   .   (helmet restricted)
rElec    .         Reflect  .   (no cloak)
rCorr    .         Harm     .   o - +0 pair of gloves
MR       .....                  (no boots)
Stlth    ..........             (no amulet)
HPRegen  0.13/turn              (no ring)
MPRegen  0.08/turn              (no ring)

@: no status effects
A: retaliatory headbutt, horns 2
a: no special abilities


You were on level 2 of the Dungeon.
You were not hungry.

You visited 1 branch of the dungeon, and saw 2 of its levels.

You collected 78 gold pieces.

Inventory:

Hand Weapons
 a - a +0 war axe (weapon)
Armour
 b - a +0 scale mail (worn)
 c - a +0 shield (worn)
 o - a +0 pair of gloves (worn)
Scrolls
 e - 2 scrolls of identify {unknown}
 i - 2 scrolls of remove curse {unknown}
 j - 2 scrolls of enchant weapon {unknown}
 k - a scroll of teleportation {unknown}
 l - a scroll of blinking {unknown}
Potions
 d - a potion of might
 g - a potion of resistance {unknown}
 h - 2 potions of curing {unknown}
 m - a potion of heal wounds {unknown}
 n - a potion of flight {unknown}
Comestibles
 f - 5 rations


   Skills:
 + Level 4.0 Fighting
 + Level 3.7 Axes
 + Level 4.6 Armour
 + Level 4.2 Shields


You had 3 spell levels left.
You didn't know any spells.

Dungeon Overview and Level Annotations

Branches:
Dungeon (2/15)

Altars:
Yredelemnul
The Shining One


Innate Abilities, Weirdness & Mutations

You reflexively headbutt those who attack you in melee.
You have a pair of horns on your head.


Message History

The kobold throws a stone.
The stone barely misses you.
You slash the dart slug!
You kill the dart slug!
The kobold throws a stone.
The stone barely misses you. You block the iguana's attack.
You closely miss the iguana. The iguana bites you.
You barely miss the iguana. Your headbutt misses the iguana.
The iguana bites you! The kobold hits you with a short sword.
You are too injured to fight recklessly!
You are too injured to fight recklessly!
You are too injured to fight recklessly!
You are too injured to fight recklessly!
You hit the iguana but do no damage. The iguana bites you.
The kobold barely misses you. You block the iguana's attack.
You block the kobold's attack.
You barely miss the iguana. Your headbutt misses the iguana.
You closely miss the kobold. The kobold hits you with a short sword.
* * * LOW HITPOINT WARNING * * *
The iguana bites you!
You die...

....# #......>.#### ....#
#.............###### ....#
...........#....... ....###
#.........# ##... ......####
#..†......# ##.... ...)#.....##
##........###...## ....#####..#
#(.............<#
..[.....##.######K.........)....#
#....##.........@l...............
#.##...###....###.####..........#
#.##........#....................
#####.#..##............#.......##
# #...# ####.....).........### #
##.## #................# # #.#
#..........#.###..## # #
#.........##.###...# #
#..............#.#.#


You could see an iguana and a kobold.

Vanquished Creatures
  3 adders (D:2)
  5 dart slugs
  2 leopard geckos (D:1)
  A ball python (D:2)
  3 giant cockroaches
  2 gnoll zombies (D:2)
  3 goblins (D:1)
  6 hobgoblins
  5 kobolds
  A quokka (D:2)
  5 bats
  5 frilled lizards
  5 rats
46 creatures vanquished.

Notes
Turn   | Place    | Note
-------+----------+-------------------------------------------
     0 | D:1      | infcreate the Minotaur Fighter began the quest for the Orb.
     0 | D:1      | Reached XP level 1. HP: 19/19 MP: 0/0
   115 | D:1      | Reached XP level 2. HP: 3/27 MP: 1/1
   834 | D:1      | Reached XP level 3. HP: 33/33 MP: 2/2
  1232 | D:2      | Found a glowing golden altar of the Shining One.
  1298 | D:2      | Reached XP level 4. HP: 37/40 MP: 3/3
  1459 | D:2      | Found a basalt altar of Yredelemnul.
  1585 | D:2      | Slain by an iguana

Skill      XL: |  1  2  3 |
---------------+----------+-----
Armour         | 4 |  4.6
Shields        | 4 |  4.2
Axes           | 3 |  3.7
Fighting       | 4 |  4.0

Action                   |  1- 3 |  4- 6 || total
-------------------------+-------+-------++-------
Melee: War axe           |    97 |    33 ||   130
       Headbutt          |    13 |     4 ||    17
  Eat: Chunk             |     1 |     1 ||     2
Armor: Scale mail        |    50 |     9 ||    59
Dodge: Dodged            |    30 |    12 ||    42
Block: Shield            |    44 |    13 ||    57
